 Dungeon Crawl Stone Soup version 0.29.0-4-gdea44cf6ec (webtiles) character file.

Game seed: 8875573422544576702

112 qw the Chopper (level 4, -14/37 HPs)
             Began as a Barachi Chaos Knight on Sept 4, 2022.
             Killed from afar by a ynoxinul (17 damage)
             ... with an iron shot
             ... summoned by Xom
             ... on level 1 of the Dungeon.
             The game lasted 00:00:29 (755 turns).

qw the Chopper (Barachi Chaos Knight)                Turns: 755, Time: 00:00:30

Health: -14/37     AC:  5    Str: 15    XL:     4   Next: 95%
Magic:  4/4        EV: 11    Int: 12    God:
Gold:   54         SH:  0    Dex: 12    Spells: 3/3 levels left

rFire   . . .      SeeInvis .   a - +0 hand axe (chaos)
rCold   . . .      Faith    .   (no shield)
rNeg    . . .      Spirit   .   b - +2 leather armour
rPois   .          Reflect  .   (no helmet)
rElec   .          Harm     .   (no cloak)
rCorr   .          Rampage  .   (no gloves)
Will    .....                   (no boots)
Stlth   +.........              (no amulet)
HPRegen 0.12/turn               (no ring)
MPRegen 0.09/turn               (no ring)

@: slow
A: amphibious, slowness 1, strong legs 1, +LOS
a: Hop


You were on level 1 of the Dungeon.
You visited 1 branch of the dungeon, and saw 1 of its levels.

You collected 54 gold pieces.


Innate Abilities, Weirdness & Mutations

You are amphibious.
You cover ground slowly.
You can hop short distances.
You have an extended range of vision and can be seen from far away.


   Skills:
 + Level 3.7 Fighting
 - Level 6.0 Axes
 - Level 2.4 Armour
 - Level 1.1 Dodging


You had 3 spell levels left.
You didn't know any spells.
Your spell library was empty.

Inventory:

Hand Weapons
 a - a +0 hand axe of chaos (weapon)
 e - a +0 whip
Armour
 b - a +2 leather armour (worn)
 h - a +0 ring mail
Jewellery
 i - a ring of flight
Scrolls
 f - a scroll of identify {unknown}
 g - a scroll of magic mapping {unknown}
Potions
 d - 2 potions of degeneration {unknown}
Miscellaneous
 c - a piece from Xom's chessboard (15/15)

Dungeon Overview and Level Annotations

Branches:
Dungeon (1/15)

Altars:


Message History

You see here a +0 ring mail.
You now have 54 gold pieces (gained 11).
You see here a +0 ring mail.
You hear Xom's maniacal laughter.
Your body is wracked with pain!
You start resting.
You hear Xom's maniacal laughter.
A white imp comes into view.
You closely miss the ynoxinul. You hit the ynoxinul but do no damage.
The ynoxinul barely misses you.
You closely miss the ynoxinul. You hit the quasit but do no damage.
You closely miss the ufetubus. The ufetubus hits you. The ufetubus misses you.
The quasit closely misses you.
The quasit claws you but does no damage.
The quasit closely misses you. The ynoxinul hits you.
You hit the ynoxinul.
The ynoxinul is lightly wounded.
You closely miss the quasit. You barely miss the white imp.
The quasit closely misses you. The quasit barely misses you.
The quasit closely misses you. The ynoxinul barely misses you.
You barely miss the ynoxinul.
The ynoxinul is lightly wounded.
You hit the quasit but do no damage. You closely miss the white imp.
The quasit barely misses you. The quasit closely misses you.
The quasit barely misses you.
The quasit bites you but does no damage.
The quasit closely misses you. The quasit barely misses you.
The white imp gestures at you. The puff of frost hits you.
The ynoxinul hits you!
You completely miss the ynoxinul.
The ynoxinul is lightly wounded.
You hit the quasit.
The quasit appears confused.
You hit the white imp.
The white imp's magic leaks into the air.
The quasit barely misses you. The quasit closely misses you.
The quasit barely misses you. The white imp barely misses you.
The ynoxinul gestures at you. The iron shot hits you!
You die...
Xom is highly amused!

#.# #.#....#...##.##..+ #.#
#......+....#.##### ###'##
########....#.)...# #....#
#....# ####.#####.#######
#....###.##.# #.# #.......#
#........##.# #.# #######.#
#######..##.######.# ### #.#
#.......#.#.#3##.######.# #.#
#.####.....55@5.........####.#
#.##....#.#.#.#...)..........#
#....#......>....##.###..#####
######..#.#.#.#.....####.###
##.%........#..##..(..#
#.#.#.#.####..##+#.#.#
###.#.###.#.....#....#.#
#..[......#.###.#....#.###
###.#..####...# #.#....#....


You could see a ynoxinul (summoned), a quasit (summoned, confused), a white imp
(summoned, magic disrupted) and an ufetubus (summoned).

Vanquished Creatures
  A centaur (D:1)
  A gnoll (D:1)
  2 endoplasms (D:1)
  A giant cockroach (D:1)
  3 goblins (D:1)
  2 hobgoblins (D:1)
  2 jackals (D:1)
  5 kobolds (D:1)
  2 quokkas (D:1)
  3 ball pythons (D:1)
  2 bats (D:1)
  2 rats (D:1)
26 creatures vanquished.

Notes
Turn   | Place    | Note
-------+----------+-------------------------------------------
     0 | D:1      | qw the Barachi Chaos Knight began the quest for the Orb.
     0 | D:1      | Reached XP level 1. HP: 18/18 MP: 1/1
     0 | D:1      | 0 ||| qw: Version: 0.1-a-103-gd6f5d3a
     0 | D:1      | 0 ||| qw: Game counter: 5504
     0 | D:1      | 0 ||| qw: Always use a shield: true
     0 | D:1      | 0 ||| qw: God list: Okawaru
     0 | D:1      | 0 ||| qw: Allow faded altars: false
     0 | D:1      | 0 ||| qw: Do Orc after D:15 true
     0 | D:1      | 0 ||| qw: Do second Lair branch before Depths: true
     0 | D:1      | 0 ||| qw: Lair rune preference: random
     0 | D:1      | 0 ||| qw: Plans: Normal
     0 | D:1      | 0 ||| PLANNING D:1-11
     0 | D:1      | Fell from the grace of Xom
    80 | D:1      | 80 ||| Stepping ~*~*~tactically~*~*~ (stealth).
    82 | D:1      | 82 ||| Stepping ~*~*~tactically~*~*~ (stealth).
    85 | D:1      | 85 ||| Stepping ~*~*~tactically~*~*~ (stealth).
   101 | D:1      | 101 ||| Stepping ~*~*~tactically~*~*~ (stealth).
   104 | D:1      | Reached XP level 2. HP: 24/24 MP: 2/2
   126 | D:1      | 126 ||| Stepping ~*~*~tactically~*~*~ (stealth).
   128 | D:1      | 128 ||| Stepping ~*~*~tactically~*~*~ (stealth).
   132 | D:1      | Reached skill level 4 in Axes
   133 | D:1      | 133 ||| Stepping ~*~*~tactically~*~*~ (stealth).
   136 | D:1      | 136 ||| Stepping ~*~*~tactically~*~*~ (stealth).
   137 | D:1      | 137 ||| Stepping ~*~*~tactically~*~*~ (stealth).
   187 | D:1      | Noticed a centaur
   187 | D:1      | a ball python changed into a centaur
   187 | D:1      | XOM: polymorph ball python -> centaur
   197 | D:1      | Killed a centaur
   198 | D:1      | Reached skill level 5 in Axes
   198 | D:1      | Reached XP level 3. HP: 17/29 MP: 3/3
   198 | D:1      | Reached XP level 4. HP: 21/36 MP: 4/4
   403 | D:1      | 403 ||| Stepping ~*~*~tactically~*~*~ (stealth).
   586 | D:1      | Reached skill level 6 in Axes
   727 | D:1      | XOM: torment (20/37 hp)
   749 | D:1      | XOM: summons 4 hostile demons
   750 | D:1      | Noticed a ynoxinul
   754 | D:1      | HP: 3/37 [ynoxinul[Xom] (9)]
   755 | D:1      | Killed from afar by a ynoxinul

Levels and vault maps discovered:
D:1:      minmay_arrival_four_houses, layout_basic, chequers_avenue, st_stairs_8

Skill      XL: |  1  2  3  4 |
---------------+-------------+-----
Axes           | 5 6 |  6.0
Fighting       | |  3.7
Armour         | |  2.4
Dodging        | |  1.1

Action                   |  1- 3 |  4- 6 || total
-------------------------+-------+-------++-------
Melee: Hand axe          |    29 |    41 ||    70
Invok: Renounce Religion |     1 |       ||     1
Armor: Leather armour    |    14 |     9 ||    23
Dodge: Dodged            |    28 |    29 ||    57

Table legend:
 A = Non-vault XP
 B = Vault XP
 C = Vault XP percentage of total XP
 D = Non-vault monster count
 E = Vault monster count
 F = Vault count percentage of total count
                 A         B        C        D         E       F
            +---------+---------+-------+---------+---------+-------
      Total |     158 |       3 |   1.9 |      24 |       2 |   7.7
            +---------+---------+-------+---------+---------+-------
        D:1 |     158 |       3 |   1.9 |      24 |       2 |   7.7
            +---------+---------+-------+---------+---------+-------
